 Dungeon Crawl Stone Soup version 0.24.0-2-g5b39cebb1c (webtiles) character file.

Game seed: 17964061496383493735, levelgen mode: deterministic

158 Gumption the Vexing (level 5, -5/28 HPs)
             Began as a Vampire Enchanter on Oct 30, 2019.
             Slain by an ogre
             ... wielding a +0 giant club
              (11 damage)
             ... on level 4 of the Dungeon.
             The game lasted 01:09:21 (4490 turns).

Gumption the Vexing (Vampire Enchanter)             Turns: 4490, Time: 01:09:22

Health: -5/28      AC:  5    Str:  7    XL:     5   Next: 16%
Magic:  2/9        EV: 12    Int: 19    God:
Gold:   189        SH:  0    Dex: 14    Spells: 1/9 levels left

rFire    . . .     SeeInvis +   a - +1 dagger
rCold    . . .     Gourm    .   (no shield)
rNeg     . . .     Faith    .   n - +0 leather armour
rPois    .         Spirit   .   (no helmet)
rElec    .         Reflect  .   s - +0 cloak
rCorr    .         Harm     .   u - +0 pair of gloves
MR       .....                  (no boots)
Stlth    ++........             (no amulet)
HPRegen  0.29/turn              (no ring)
MPRegen  0.11/turn              (no ring)

@: very slightly contaminated, regenerating quickly
A: no food, fangs 3, see invisible, [frail 2], unbreathing
a: Exsanguinate


You were on level 4 of the Dungeon.
You were alive.

You visited 1 branch of the dungeon, and saw 4 of its levels.

You collected 189 gold pieces.

Inventory:

Hand Weapons
 a - a +1 dagger (weapon)
 b - a +0 hunting sling
 d - a +0 hunting sling
 q - a +1 whip of electrocution
 r - a +3 quarterstaff of chaos
Missiles
 c - 127 stones
 o - 21 sling bullets
 p - 15 poisoned darts (quivered)
Armour
 n - a +0 leather armour (worn)
 s - a +0 cloak (worn)
 u - a +0 pair of gloves (worn)
Jewellery
 k - an uncursed ring of flight {unknown}
Scrolls
 f - a scroll of magic mapping {unknown}
 g - a scroll of immolation {unknown}
 i - a scroll of teleportation
 m - a scroll of fear
 t - a scroll of enchant armour {unknown}
 x - a scroll of noise {unknown}
Potions
 e - 3 potions of heal wounds
 h - 2 potions of haste
 j - a potion of might
 l - 2 potions of flight {unknown}
 v - a potion of curing {unknown}
 w - a potion of agility {unknown}


   Skills:
 - Level 1.1 Short Blades
 + Level 2.2 Dodging
 - Level 4.4 Stealth
 + Level 2.8 Spellcasting
 + Level 6.5 Hexes
 * Level 2.6 Ice Magic


You had one spell level left.
You knew the following spells:

 Your Spells              Type           Power        Failure   Level  Hunger
a - Ensorcelled Hibernat  Hex/Ice        ###...       5%          2    N/A
c - Confuse               Hex            ####....     4%          3    N/A
d - Tukima's Dance        Hex            ####....     4%          3    N/A

Your spell library contained the following spells:

 Spells                   Type           Power        Failure   Level  Hunger
 Corona                   Hex            ####...      1%          1    N/A
 Dazzling Spray           Conj/Hex       ###...       19%         3    N/A

Dungeon Overview and Level Annotations

Branches:
Dungeon (4/15)
 Temple: D:4-7

Altars:
Kikubaaqudgha


Innate Abilities, Weirdness & Mutations

You do not eat.
Your natural rate of healing is unusually fast.
You have razor-sharp teeth.
You have supernaturally acute eyesight. (SInv)
You can survive without breathing.
[You are very frail. (-20% HP)]


Message History

* * * LOW HITPOINT WARNING * * *
Press: ? - help, v - describe, . - travel
Here: an ogre, wielding a +0 giant club (severely wounded)
A stone staircase leading up.
Throwing (i - inventory. (/) - cycle)
p - 16 poisoned darts (quivered)
Press: ? - help, Shift-Dir - straight line, f/p - ogre
Aim: an ogre, wielding a +0 giant club (severely wounded)
You throw a poisoned dart.
The poisoned dart barely misses the ogre.
The ogre barely misses you.
Casting: Ensorcelled Hibernation (safe; 5% risk of failure)
Confirm with . or Enter, or press ? or * to list all spells.
Aiming: Confuse (safe; 4% risk of failure)
Press: ? - help, Shift-Dir - straight line, f/p - ogre
Aim: an ogre, wielding a +0 giant club (severely wounded, chance to defeat MR: 56%)
The ogre resists with significant effort.
You hit the ogre.
The ogre is severely wounded.
The ogre hits you with a +0 giant club!
You die...

##. #.. ## .. ... ... #.
#.# ..#. #.## #.##...
#..# ##.#..#
#######.####....#
###....†........#####...
...<...........O@.......
#...#####.#..########...
#.### #...## ### #..##
####


You could see an ogre.

Vanquished Creatures
  Crazy Yiuf (D:2)
  5 adders
  A worm (D:3)
  3 dart slugs
  3 leopard geckos
  4 giant cockroaches
  10 goblins
  5 hobgoblins
  7 jackals
  8 kobolds
  2 quokkas (D:3)
  3 ball pythons
  7 bats
  4 frilled lizards
  9 rats
72 creatures vanquished.

Notes
Turn   | Place    | Note
-------+----------+-------------------------------------------
     0 | D:1      | Gumption the Vampire Enchanter began the quest for the Orb.
     0 | D:1      | Reached XP level 1. HP: 13/13 MP: 3/3
   711 | D:1      | Reached skill level 5 in Hexes
   711 | D:1      | Reached XP level 2. HP: 19/19 MP: 5/5
   715 | D:1      | Learned a level 2 spell: Ensorcelled Hibernation
  1803 | D:1      | Reached skill level 1 in Ice Magic
  1805 | D:1      | Reached XP level 3. HP: 21/24 MP: 1/6
  2088 | D:2      | Learned a level 3 spell: Confuse
  2786 | D:2      | Reached XP level 4. HP: 27/27 MP: 4/7
  2833 | D:2      | Reached skill level 6 in Hexes
  2898 | D:2      | Found a runed translucent door.
  2899 | D:2      | Noticed Crazy Yiuf
  3107 | D:2      | Killed Crazy Yiuf
  3768 | D:3      | Reached XP level 5. HP: 25/28 MP: 3/9
  3775 | D:3      | Learned a level 3 spell: Tukima's Dance
  4029 | D:3      | Found an ancient bone altar of Kikubaaqudgha.
  4355 | D:4      | Noticed an ogre
  4490 | D:4      | Slain by an ogre

Levels and vault maps discovered:
D:1:      saegor_arrival_simple_d, layout_basic
D:2:      minmay_wonky_spiral, layout_rooms, minmay_bisected,
          uniq_crazy_yiuf_cottage
D:3:      layout_rooms, nicolae_overflow_crystal_walls
D:4:      layout_rooms, kennysheep_mini, first_ration

Skill      XL: |  1  2  3  4 |
---------------+-------------+-----
Hexes          | 5 6 |  6.5
Ice Magic      | 1 2 |  2.6
Short Blades   | |  1.1
Dodging        | |  2.2
Stealth        | |  4.4
Spellcasting   | |  2.8

Action                   |  1- 3 |  4- 6 || total
-------------------------+-------+-------++-------
Melee: Dagger            |    88 |    64 ||   152
       Bite              |     2 |     2 ||     4
 Fire: Hunting sling     |       |    18 ||    18
Throw: Stone             |     7 |       ||     7
       Dart              |       |    20 ||    20
 Cast: Corona            |     7 |       ||     7
       Ensorcelled Hiber |    26 |    28 ||    54
       Confuse           |       |     2 ||     2
 Abil: Exsanguinate      |     1 |     1 ||     2
       Revivify          |     1 |     1 ||     2
  Use: Scroll            |     1 |     5 ||     6
 Stab: Sleeping          |    21 |    23 ||    44
       Confused          |       |     1 ||     1
Armor: Robe              |    13 |       ||    13
       Leather armour    |     4 |    27 ||    31
Dodge: Dodged            |    48 |    61 ||   109
